 Dungeon Crawl Stone Soup version 0.29-a0-419-g77450f2105 (webtiles) character file.

Game seed: 9737626843089518715

154 KhasaRR the Ruffian (level 5, 0/43 HPs)
             Began as a Gnoll Wanderer on May 18, 2022.
             Was a Follower of Ru.
             Slain by Grinder (1 damage)
             ... while paralysed by Grinder
             ... on level 3 of the Dungeon.
             The game lasted 00:09:18 (2648 turns).

KhasaRR the Ruffian (Gnoll Wanderer)                Turns: 2648, Time: 00:09:21

Health: 0/43       AC:  9    Str: 18    XL:     5   Next: 36%
Magic:  7/7        EV:  2    Int:  9    God:    Ru [*.....]
Gold:   112        SH:  0    Dex:  9    Spells: 6/6 levels left

rFire   . . .      SeeInvis .   a - +0 quarterstaff
rCold   + . .      Faith    .   (shield currently unavailable)
rNeg    . . .      Spirit   .   j - +2 ring mail {rC+}
rPois   .          Reflect  .   (no helmet)
rElec   .          Harm     .   (no cloak)
rCorr   .          Rampage  .   k - +0 pair of gloves
Will    .....                   (no boots)
Stlth   +.........              (no amulet)
HPRegen 0.14/turn               l - +4 ring of evasion
MPRegen 0.10/turn               (no ring)

@: paralysed
A: fangs 1, no air magic, no translocations magic, no transmutations magic,
strong nose, distributed training
a: Renounce Religion


You were on level 3 of the Dungeon.
You worshipped Ru.
Ru was aware of your devotion.
You visited 1 branch of the dungeon, and saw 3 of its levels.

You collected 112 gold pieces.

Inventory:

Hand Weapons
 a - a +0 quarterstaff (weapon)
 m - a +2 antimagic rapier
Armour
 f - a +0 leather armour
 i - a +0 chain mail
 j - a +2 ring mail of cold resistance (worn)
 k - a +0 pair of gloves (worn)
Jewellery
 l - a +4 ring of evasion (left hand)
 o - a ring of wizardry
Scrolls
 e - 6 scrolls of teleportation
 g - a scroll of acquirement {unknown}
 h - a scroll of vulnerability {unknown}
 n - a scroll of noise {unknown}
Potions
 b - a potion of cancellation
 c - a potion of attraction


   Skills:
 + Level 4.8 Fighting
 + Level 1.4 Short Blades
 + Level 1.4 Long Blades
 + Level 1.4 Axes
 + Level 1.4 Maces & Flails
 + Level 1.4 Polearms
 + Level 3.0 Staves
 + Level 1.4 Slings
 + Level 1.4 Bows
 + Level 1.4 Crossbows
 + Level 1.4 Throwing
 + Level 4.8 Armour
 + Level 1.4 Dodging
 + Level 1.4 Stealth
 + Level 1.4 Shields
 + Level 6.7 Unarmed Combat
 + Level 1.4 Spellcasting
 + Level 1.1 Conjurations
 + Level 1.1 Hexes
 + Level 1.1 Summonings
 + Level 1.1 Necromancy
   Level 0.0 Translocations
   Level 0.0 Transmutations
 + Level 1.1 Fire Magic
 + Level 1.1 Ice Magic
   Level 0.0 Air Magic
 + Level 1.1 Earth Magic
 + Level 1.1 Poison Magic
 + Level 1.6 Invocations
 + Level 4.8 Evocations


You had 6 spell levels left.
You didn't know any spells.
Your spell library was empty.

Dungeon Overview and Level Annotations

Branches:
Dungeon (3/15)

Altars:
Ru

Annotations:
D:3 Grinder


Innate Abilities, Weirdness & Mutations

You have very sharp teeth.
You cannot study or cast Air magic.
You cannot study or cast Translocations magic.
You cannot study or cast Transmutations magic.
Your uncanny sense of smell can sniff out nearby items.
Your experience applies equally to all skills.


Message History

You closely miss Grinder.
Grinder is severely wounded.
Grinder gestures at you.
You suddenly lose the ability to move!
Grinder hits you.
You writhe in agony.
Grinder gestures at you.
You shrug off the repeated paralysis!
Grinder hits you but does no damage. Grinder hits you.
* * * LOW HITPOINT WARNING * * *
You writhe in agony.
* * * LOW HITPOINT WARNING * * *
You redirect Grinder's attack!
Grinder hits you but does no damage.
You can move again.
You hit Grinder but do no damage.
Grinder is severely wounded.
Grinder closely misses you.
You hit Grinder.
Grinder is almost dead.
Grinder gestures at you.
You shrug off the repeated paralysis!
You barely miss Grinder. Your bite misses Grinder.
Grinder is almost dead.
Grinder hits you but does no damage.
You barely miss Grinder.
Grinder is almost dead.
Grinder hits you.
* * * LOW HITPOINT WARNING * * *
You writhe in agony.
* * * LOW HITPOINT WARNING * * *
You closely miss Grinder.
Grinder is almost dead.
Grinder closely misses you.
You completely miss Grinder.
Grinder is almost dead.
Grinder gestures at you.
You suddenly lose the ability to move!
Grinder hits you.
* * * LOW HITPOINT WARNING * * *
You writhe in agony.
You die...

*,***,#.,**,,,,,,* **,,,*
**,,,,,..,,,,∆,,,,* *,,,,,
*,P,,,*#.,***,,∆,,* *,**,*
*,$$$P##?,* ***,#** *,**,*
*,$$$P,..,****#.#* *,,,,,
*,$$$..#.***,..,,* **,,,,, ******
*,.P.P.#.###.##..#**,,,,,, ,,,,,*
**#...............,,,,,,,, ,***,*
###.#.#@##.#.#..,,,,,,,,
,***,**###.,,#..5##.#,*******,,,,
,*,,,,,,...#####....#,,,,,,,,,,,,
,*,*,****#...#...####,,*********,
,*^*,* #...#.#.#***,,∆* *, ,,,,,*
#.....#...,,,,,* *, ******
##.########*,,,* **, #.# *,,,*
*,, ####### #.####### *,,,* *,,


You could see Grinder.

Vanquished Creatures
  An orc priest (D:2)
  4 gnolls (D:2)
  3 adders (D:2)
  2 dart slugs (D:1)
  7 orcs
  4 ball pythons
  5 endoplasms
  A giant cockroach (D:1)
  5 goblins
  2 hobgoblins (D:2)
  3 jackals (D:1)
  3 kobolds
  2 quokkas
  4 bats (D:1)
  A frilled lizard (D:1)
  3 rats
50 creatures vanquished.

Vanquished Creatures (others)
  A fungus (D:3)
  3 toadstools (D:3)
4 creatures vanquished.

Grand Total: 54 creatures vanquished

Notes
Turn   | Place    | Note
-------+----------+-------------------------------------------
     0 | D:1      | KhasaRR the Gnoll Wanderer began the quest for the Orb.
     0 | D:1      | KhasaRR set off with the following items: a +0
                  | quarterstaff, a potion of heal wounds, a potion of might, a
                  | wand of flame (7), a scroll of teleportation, a +0 leather
                  | armour
     0 | D:1      | Reached XP level 1. HP: 20/20 MP: 1/1
   155 | D:1      | Reached XP level 2. HP: 25/26 MP: 2/2
   304 | D:1      | Found a faded altar of an unknown god.
   312 | D:1      | Prayed at the altar of an unknown god.
   312 | D:1      | Became a worshipper of Ru the Awakened
   313 | D:1      | Gained mutation: You cannot study or cast Air magic. [Ru
                  | sacrifice]
   313 | D:1      | Gained mutation: You cannot study or cast Transmutations
                  | magic. [Ru sacrifice]
   313 | D:1      | Gained mutation: You cannot study or cast Translocations
                  | magic. [Ru sacrifice]
   313 | D:1      | Reached * piety under Ru
   733 | D:1      | Reached XP level 3. HP: 31/31 MP: 3/3
  1370 | D:2      | Reached skill level 1 in Invocations
  1465 | D:2      | Reached skill level 1 in Short Blades
  1465 | D:2      | Reached skill level 1 in Long Blades
  1465 | D:2      | Reached skill level 1 in Axes
  1465 | D:2      | Reached skill level 1 in Maces & Flails
  1465 | D:2      | Reached skill level 1 in Polearms
  1465 | D:2      | Reached skill level 1 in Slings
  1465 | D:2      | Reached skill level 1 in Bows
  1465 | D:2      | Reached skill level 1 in Crossbows
  1465 | D:2      | Reached skill level 1 in Throwing
  1465 | D:2      | Reached skill level 1 in Dodging
  1465 | D:2      | Reached skill level 1 in Stealth
  1465 | D:2      | Reached skill level 1 in Shields
  1465 | D:2      | Reached skill level 1 in Spellcasting
  1465 | D:2      | Reached XP level 4. HP: 20/38 MP: 5/5
  1489 | D:2      | Reached skill level 1 in Conjurations
  1489 | D:2      | Reached skill level 1 in Hexes
  1489 | D:2      | Reached skill level 1 in Summonings
  1489 | D:2      | Reached skill level 1 in Necromancy
  1489 | D:2      | Reached skill level 1 in Fire Magic
  1489 | D:2      | Reached skill level 1 in Ice Magic
  1489 | D:2      | Reached skill level 1 in Earth Magic
  1489 | D:2      | Reached skill level 1 in Poison Magic
  2432 | D:2      | Reached XP level 5. HP: 33/43 MP: 5/7
  2610 | D:3      | Noticed Grinder
  2622 | D:3      | Paralysed by Grinder for 5 turns
  2630 | D:3      | Paralysed by Grinder for 3 turns
  2638 | D:3      | Paralysed by Grinder for 5 turns
  2646 | D:3      | HP: 1/43 [Grinder (5)]
  2648 | D:3      | Paralysed by Grinder for 4 turns
  2648 | D:3      | Slain by Grinder

Illustrated notes

Levels and vault maps discovered:
D:1:      lightli_iron_boxes, layout_basic,
          shapermc_ecumenical_altar_mp_urbaneastern, serial_forest,
          infiniplex_forest_clump_curved, infiniplex_forest_lined_corner,
          infiniplex_forest_clump_double, infiniplex_forest_lined_2,
          infiniplex_forest_side_room, infiniplex_forest_straight_4,
          infiniplex_forest_side_room, infiniplex_forest_lined_4_way,
          hangedman_decor_points
D:2:      layout_loops_corners
D:3:      layout_loops_cross, grunt_temple_overflow_open,
          minmay_gold_behind_fungi, kennysheep_generic_room_13, uniq_grinder

Skill      XL: |  1  2  3  4  5 |
---------------+----------------+-----
Invocations    | 1 |  1.6
Short Blades   | 1 |  1.4
Long Blades    | 1 |  1.4
Axes           | 1 |  1.4
Maces & Flails | 1 |  1.4
Polearms       | 1 |  1.4
Slings         | 1 |  1.4
Bows           | 1 |  1.4
Crossbows      | 1 |  1.4
Throwing       | 1 |  1.4
Dodging        | 1 |  1.4
Stealth        | 1 |  1.4
Shields        | 1 |  1.4
Spellcasting   | 1 |  1.4
Conjurations   | 1 |  1.1
Hexes          | 1 |  1.1
Summonings     | 1 |  1.1
Necromancy     | 1 |  1.1
Fire Magic     | 1 |  1.1
Ice Magic      | 1 |  1.1
Earth Magic    | 1 |  1.1
Poison Magic   | 1 |  1.1
Staves         | 3 |  3.0
Fighting       | |  4.8
Armour         | |  4.8
Unarmed Combat | |  6.7
Evocations     | |  4.8

Action                   |  1- 3 |  4- 6 || total
-------------------------+-------+-------++-------
Melee: Quarterstaff      |    88 |    81 ||   169
       Bite              |     5 |     8 ||    13
Invok: Sacrifice Arcana  |     1 |       ||     1
Evoke: Wand              |     1 |     6 ||     7
  Use: Potion            |     2 |     2 ||     4
       Scroll            |       |     4 ||     4
 Stab: Distracted        |       |     1 ||     1
Armor: Leather armour    |    19 |       ||    19
       Chain mail        |    32 |    31 ||    63
       Ring mail         |       |     7 ||     7
Dodge: Dodged            |    66 |    47 ||   113

Table legend: (Time is in decaauts)
 A = Elapsed time spent in this place.
 B = Non-inter-level travel time spent in this place.
 C = Inter-level travel time spent in this place.
 D = Time resting spent in this place.
 E = Time spent auto-exploring this place.
 F = Levels seen in this place.
 G = Mean time per level.
                   A        B        C        D        E       F      G
               +--------+--------+--------+--------+--------+-----+--------+
         Total |   2679 |   2640 |     39 |    288 |   1905 |   3 |  893.0 |
       Dungeon |   2679 |   2640 |     39 |    288 |   1905 |   3 |  893.0 |
               +--------+--------+--------+--------+--------+-----+--------+

Top non-repeatable levels by time:
     D:2: 1268 daAuts
     D:1: 1198 daAuts
     D:3: 212 daAuts
